 Dungeon Sprint DCSS version 0.22.1-1-ga44c0e56f4 (webtiles) character file.

1724 MuseOD the Covert (level 8, -6/46 HPs)
             Began as a Spriggan Enchanter on Oct 1, 2018.
             Was a Priest of Dithmenos.
             Killed by nerve-wracking pain
             ... invoked by an orc priest
              (14 damage)
             ... in the Dungeon (Sprint III: "The Ten Rune Challenge").
             The game lasted 00:02:55 (1162 turns).

MuseOD the Covert (Spriggan Enchanter)              Turns: 1162, Time: 00:02:56

Health: -6/46      AC:  2    Str:  4    XL:     8   Next: 75%
Magic:  15/22      EV: 19    Int: 19    God:    Dithmenos [***...]
Gold:   37         SH:  0    Dex: 16    Spells: 11/26 levels left

rFire    . . .     SeeInvis +   q - +1 dagger (elec)
rCold    . . .     Gourm    .   (shield restricted)
rNeg     . . .     Faith    .   b - +0 robe
rPois    .         Spirit   .   (helmet restricted)
rElec    .         Reflect  .   (no cloak)
rCorr    .         Harm     .   (gloves unavailable)
MR       +....     NoTele   +   (boots unavailable)
Stlth    ++++++++..             (no amulet)
HPRegen  0.15/turn              (no ring)
MPRegen  0.18/turn              (no ring)

@: lethally poisoned (-6 -> -30), very slightly contaminated, wreathed by umbra,
very quick
A: very small, unfitting armour, see invisible, herbivore, speed 3, slow
metabolism 2
a: Shadow Step, Renounce Religion


You were in the Dungeon.
You worshipped Dithmenos.
Dithmenos was most pleased with you.
You were not hungry.

You visited 1 branch You collected 37 gold pieces.

Inventory:

Hand Weapons
 a - a +1 dagger
 q - a +1 dagger of electrocution (weapon)
Armour
 b - a +0 robe (worn)
Scrolls
 c - a scroll of enchant armour {unknown}
 j - a scroll of blinking
 l - a scroll of torment {unknown}
 m - 3 scrolls of identify {unknown}
 n - a scroll of immolation {unknown}
 o - 2 scrolls of remove curse
Potions
 e - a potion of curing
 f - 3 potions of heal wounds
 g - a potion of haste
 h - 2 potions of magic
 i - 3 potions of berserk rage
 k - 4 potions of mutation {unknown}
 p - a potion of flight {unknown}
 r - a potion of might
Comestibles
 d - 4 rations


   Skills:
 + Level 7.2 Fighting
 + Level 12.9 Short Blades
 + Level 4.0 Dodging
 + Level 13.6 Stealth
 + Level 9.9 Spellcasting
 + Level 1.0 Conjurations
 + Level 6.6 Hexes


You had 11 spell levels left.
You knew the following spells:

 Your Spells              Type           Power        Failure   Level  Hunger
a - Corona                Hex            ####...      1%          1    None
b - Ensorcelled Hibernat  Hex/Ice        ###...       3%          2    None
c - Confuse               Hex            ####....     1%          3    None
d - Dazzling Spray        Conj/Hex       ###...       4%          3    None
e - Tukima's Dance        Hex            ####....     1%          3    None
f - Mephitic Cloud        Conj/Pois/Air  ##......     21%         3    None

Your spell library contained the following spells:

 Spells                   Type           Power        Failure   Level  Hunger
 Slow                     Hex            ####....     1%          2    None
 Magic Dart               Conj           ##..         4%          1    None
 Blink                    Tloc           N/A          12%         2    None
 Call Imp                 Summ           #.......     12%         2    None
 Conjure Flame            Conj/Fire      ##......     19%         3    None


Dungeon Overview and Level Annotations

Branches:
Dungeon (1/1)

Altars:
Dithmenos
Elyvilon
Kikubaaqudgha
Okawaru
Ru
Sif Muna
Trog
Uskayaw
Vehumet
Wu Jian
Yredelemnul
Zin
The Shining One
Beogh

Annotations:
D Erolcha


Innate Abilities, Weirdness & Mutations

You are very small and have problems with some larger weapons.
You are too small for most types of armour.
You have supernaturally acute eyesight. (SInv)
You are a herbivore.
You cover ground extremely quickly.
You need to consume almost no food.


Message History

You feel very sick.
Erolcha zaps a wand.
Some rock shatters into small pieces.
The orc closely misses you.
Casting: Ensorcelled Hibernation (safe; 3% risk of failure)
Confirm with . or Enter, or press ? or * to list all spells.
Aiming: Ensorcelled Hibernation (safe; 3% risk of failure)
Press: ? - help, Shift-Dir - straight line, f/p - orc
Aim: an orc, wielding a club and wearing a ring mail (umbra, chance to defeat The orc looks drowsy...
* * * LOW HITPOINT WARNING * * *
You feel sick.
The helpless orc fails to defend itself.
You perforate the orc like a sieve!!!!
You kill the orc!
Dithmenos accepts your kill.
* * * LOW HITPOINT WARNING * * *
You feel sick.
The orc priest calls down the wrath of Beogh upon you.
Pain shoots through your body!
You die... #'###'## oo. .......# oo#

.....).# ..## ######'#
.o## #
#...#+########o.#### #
#...#....#.#.#)O..)#. #
#...##.#..#.##...........
#
#...'##.#.#.##)....#.....
#
+...#.).#..#.@##..'......
▓
▓▓▓▓▓▓▓▓▓▓▓▓▓▓▓▓▓▓#......
...... ...... .....


You could see Erolcha, an orc warrior and an orc priest.

Vanquished Creatures
  A deep elf mage (D)
  A redback (D)
  A shadow (D)
  A necrophage (D)
  4 two-headed ogres (D)
  A water elemental (D)
  A jelly (D)
  A wizard (D)
  Jessica (D)
  A necromancer (D)
  A kobold demonologist (D)
  3 humans (D)
  An ooze (D)
  A phantom (D)
  An orc (D)
  2 rats (D)
22 creatures vanquished.

Vanquished Creatures (others)
  2 draconian scorchers (D)
  6 hellions (D)
  2 yaktaurs (D)
10 creatures vanquished.

Grand Total: 32 creatures vanquished

Notes
Turn   | Place    | Note
-------+----------+-------------------------------------------
     0 | D        | MuseOD the Spriggan Enchanter began the quest for the Orb.
     0 | D        | Reached XP level 1. HP: 9/9 MP: 5/5
    12 | D        | Reached skill level 1 in Fighting
    12 | D        | Reached skill level 5 in Stealth
    97 | D        | Killed a hellion
    99 | D        | Killed a hellion
    99 | D        | Killed a hellion
   100 | D        | Killed a hellion
   179 | D        | Killed a hellion
   191 | D        | Killed a hellion
   194 | D        | Noticed Jessica
   197 | D        | Killed Jessica
   197 | D        | Reached skill level 6 in Stealth
   197 | D        | Reached XP level 2. HP: 15/15 MP: 6/6
   197 | D        | Reached XP level 3. HP: 18/18 MP: 8/8
   198 | D        | Killed a white draconian scorcher
   201 | D        | Learned a level 2 spell: Ensorcelled Hibernation
   211 | D        | Learned a level 3 spell: Confuse
   227 | D        | Killed a white draconian scorcher
   288 | D        | Reached skill level 5 in Short Blades
   288 | D        | Reached skill level 7 in Stealth
   349 | D        | Killed a yaktaur
   416 | D        | Noticed a water elemental
   418 | D        | Killed a water elemental
   418 | D        | Reached skill level 8 in Stealth
   418 | D        | Reached XP level 4. HP: 24/24 MP: 8/10
   423 | D        | Learned a level 3 spell: Dazzling Spray
   442 | D        | Found a basalt altar of Yredelemnul.
   442 | D        | Found a shadowy altar of Dithmenos.
   442 | D        | Found a sacrificial altar of Ru.
   442 | D        | Noticed a necrophage
   444 | D        | Killed a necrophage
   444 | D        | Reached skill level 9 in Stealth
   444 | D        | Reached skill level 5 in Spellcasting
   444 | D        | Reached XP level 5. HP: 29/29 MP: 10/13
   449 | D        | Became a worshipper of Dithmenos the Shadowed
   481 | D        | Found a glowing silver altar of Zin.
   481 | D        | Found a glowing golden altar of the Shining One.
   481 | D        | Found a white marble altar of Elyvilon.
   482 | D        | Noticed a deep elf mage
   484 | D        | Killed a deep elf mage
   484 | D        | Reached skill level 5 in Fighting
   484 | D        | Reached skill level 11 in Stealth
   484 | D        | Reached XP level 6. HP: 36/36 MP: 14/17
   484 | D        | Reached XP level 7. HP: 39/39 MP: 15/19
   515 | D        | Found a radiant altar of Vehumet.
   516 | D        | Found a deep blue altar of Sif Muna.
   516 | D        | Found an ancient bone altar of Kikubaaqudgha.
   521 | D        | Killed a yaktaur
   523 | D        | Reached * piety under Dithmenos
   535 | D        | Learned a level 3 spell: Tukima's Dance
   539 | D        | Learned a level 3 spell: Mephitic Cloud
   574 | D        | Found a hide-covered altar of Uskayaw.
   574 | D        | Found a roughly hewn altar of Beogh.
   574 | D        | Found an iron altar of Okawaru.
   574 | D        | Found a bloodstained altar of Trog.
   574 | D        | Found an ornate altar of the Wu Jian Council.
   574 | D        | Noticed a human
   574 | D        | Noticed a human
   577 | D        | Killed a human
   577 | D        | Reached skill level 12 in Stealth
   578 | D        | Killed a human
   594 | D        | Noticed a shadow
   605 | D        | Reached ** piety under Dithmenos
   647 | D        | Killed a shadow
   647 | D        | Reached skill level 5 in Hexes
   647 | D        | Reached XP level 8. HP: 37/45 MP: 1/22
   786 | D        | HP: 1/45 [two-headed ogre/giant club (25)]
   817 | D        | Reached skill level 13 in Stealth
  1004 | D        | Noticed a two-headed ogre
  1007 | D        | Killed a two-headed ogre
  1007 | D        | Reached *** piety under Dithmenos
  1146 | D        | Noticed a two-headed ogre
  1148 | D        | Noticed Erolcha
  1150 | D        | Noticed an orc high priest
  1154 | D        | Noticed an orc knight
  1159 | D        | Reached skill level 1 in Conjurations
  1162 | D        | Killed from afar by an orc priest

Skill      XL: |  1  2  3  4  5  6  7  8 |
---------------+-------------------------+-----
Fighting       | 2 3 4 5 6 7 |  7.2
Short Blades   | 4 6 8 11 12 | 12.9
Stealth        | 6 8 9 11 12 13 | 13.6
Spellcasting   | 3 5 7 9 |  9.9
Hexes          | 5 6 |  6.6
Dodging        | 4 |  4.0
Conjurations   | 1 |  1.0

Action                   |  1- 3 |  4- 6 |  7- 9 || total
-------------------------+-------+-------+-------++-------
Melee: Dagger            |    17 |     3 |    25 ||    45
 Cast: Ensorcelled Hiber |     2 |       |     3 ||     5
       Confuse           |       |       |    20 ||    20
       Dazzling Spray    |       |       |     1 ||     1
 Stab: Sleeping          |     5 |     3 |     6 ||    14
       Confused          |       |       |     4 ||     4
Dodge: Dodged            |     7 |       |    24 ||    31
